AoeStats
← MonoKiller19892

Arabian Desert

508796626Analyzed
1v1 RM · 9d ago on Sep 24, 2026· 41m 49s· 2 players
Game mode
Random Map
Map size
Tiny (2 player)
Population
200
Speed
Normal
Resources
Standard
Victory
Conquest
Starting age
Dark Age
Ending age
Imperial Age
RankedLock teamsTeams togetherTeam positionsShared explorationLock speedFull tech treeHidden civsTurbo modeCheats
Victory
Defeat
🇲🇽 Saxons · Mexico
756
+14
🇪🇨 Romans · Ecuador
716
-14
RR.ElekapeLkp
8:50 Loom
12:09 Feudal Age
12:34 Horse Collar
12:44 Double-Bit Axe
12:51 Gold Mining
12:37 Man-at-Arms
16:59 Wheelbarrow
18:59 Forging
18:49 Scale Mail Armor
20:39 Fletching
25:55 Castle Age
29:00 Gambesons
28:36 Long Swordsman
30:30 Squires
33:46 Iron Casting
33:26 Chain Mail Armor
33:47 Thumb Ring
35:58 Hand Cart
38:02 Clerical Recruitment
MonoKiller19892
2:22 Loom
13:35 Feudal Age
14:07 Double-Bit Axe
14:05 Horse Collar
15:03 Wheelbarrow
14:15 Town Watch
15:24 Man-at-Arms
23:19 Fletching
23:30 Scale Mail Armor
28:13 Castle Age
31:46 Ballistics
33:22 Guard Tower
34:13 Long Swordsman
36:43 Forging
36:59 Masonry
40:12 Hand Cart
39:51 Stone Mining
Connection lost

Rejoining the realm…

Still unreachable

The connection could not be restored.

Session expired

The server has moved on; the page needs a fresh start.